 Dungeon Crawl Stone Soup version 0.27.0-1-g7a089689b8 (webtiles) character file.

Game seed: 12424192938115684234

86 ZARRMARR the Chopper (level 4, 0/40 HPs)
             Began as a Hill Orc Monk on Aug 9, 2021.
             Killed from afar by an orc wizard (7 damage)
             ... with a puff of flame
             ... on level 3 of the Dungeon.
             The game lasted 00:07:20 (2828 turns).

ZARRMARR the Chopper (Hill Orc Monk)                Turns: 2828, Time: 00:07:21

Health: 0/40       AC:  2    Str: 14    XL:     4   Next: 50%
Magic:  4/4        EV: 12    Int: 10    God:
Gold:   85         SH:  0    Dex: 13    Spells: 3/3 levels left

rFire    . . .     SeeInvis .   a - +0 hand axe
rCold    . . .     Faith    .   (no shield)
rNeg     . . .     Spirit   .   b - +0 robe
rPois    .         Reflect  .   (no helmet)
rElec    .         Harm     .   (no cloak)
rCorr    .         Rampage  .   (no gloves)
Will     .....                  (no boots)
Stlth    ++........             (no amulet)
HPRegen  0.13/turn              (no ring)
MPRegen  0.09/turn              (no ring)

@: no status effects
A: no striking features
a: no special abilities


You were on level 3 of the Dungeon.
You visited 1 branch of the dungeon, and saw 3 of its levels.

You collected 85 gold pieces.

Inventory:

Hand Weapons
 a - a +0 hand axe (weapon)
 i - a +0 whip
Missiles
 c - 61 stones
 l - 6 boomerangs (quivered)
Armour
 b - a +0 robe (worn)
Scrolls
 d - a scroll of magic mapping
 f - a scroll of blinking {unknown}
 g - a scroll of enchant weapon
 j - a scroll of silence {unknown}
Potions
 e - a potion of brilliance
 h - a potion of curing {unknown}


   Skills:
 + Level 4.1 Fighting
 + Level 5.0 Axes
 + Level 1.4 Throwing
 + Level 2.9 Dodging
 + Level 1.9 Stealth


You had 3 spell levels left.
You didn't know any spells.
Your spell library was empty.

Dungeon Overview and Level Annotations

Branches:
Dungeon (3/15)

Altars:


Message History

Something tries to affect you, but you resist.
You bump into the rock wall.
You hear some strange, mumbled words.
A magic dart appears from out of thin air!
The magic dart hits you.
You bump into the rock wall.
Something hits you.
You completely miss something. Something hits you.
You bump into the rock wall.
Something hits you.
You completely miss something.
You hear some strange, mumbled words.
Something tries to affect you, but you resist.
You bump into the rock wall.
You hear some strange, mumbled words.
A magic dart appears from out of thin air!
The magic dart hits you.
You barely miss something. Something hits you.
You bump into the rock wall.
You feel less confused.
You hear some strange, mumbled words.
Something tries to affect you, but you resist.
You miss something. Something hits you.
You closely miss something. Something hits you.
You closely miss something. Something hits you.
You hit something. Something hits you.
* * * LOW HITPOINT WARNING * * *
You hit something. Something hits you.
* * * LOW HITPOINT WARNING * * *
You completely miss something.
You hear some strange, mumbled words.
Something tries to affect you, but you resist.
You hit something but do no damage. Something hits you.
* * * LOW HITPOINT WARNING * * *
You miss something. Something hits you but does no damage.
You hit something. Something hits you.
* * * LOW HITPOINT WARNING * * *
You miss something.
You hear some strange, mumbled words.
A puff of flame appears from out of thin air!
The puff of flame hits you!
You die...

########### #
..........#
##.#########.######
###.!.####.....<....#
#......{@......####.#
#.....####.##..#
#..#. #.##..# # ..
..##..# .. ##......
#. #.##..## . ..##...
#####.#


There were no monsters in sight!

Vanquished Creatures
  Natasha (twice) (D:3)
  A dart slug (D:1)
  8 ball pythons
  5 endoplasms
  2 goblins (D:1)
  5 hobgoblins
  5 bats
  2 frilled lizards
  3 kobolds (D:1)
  2 rats
35 creatures vanquished.

Notes
Turn   | Place    | Note
-------+----------+-------------------------------------------
     0 | D:1      | ZARRMARR the Hill Orc Monk began the quest for the Orb.
     0 | D:1      | Reached XP level 1. HP: 19/19 MP: 1/1
   369 | D:1      | Reached XP level 2. HP: 5/27 MP: 2/2
   856 | D:1      | Found a faded altar of an unknown god.
  1403 | D:2      | Reached XP level 3. HP: 26/33 MP: 3/3
  2306 | D:3      | Noticed Natasha
  2315 | D:3      | Killed Natasha
  2316 | D:3      | Reached skill level 1 in Throwing
  2316 | D:3      | Reached XP level 4. HP: 12/40 MP: 4/4
  2439 | D:3      | Noticed Natasha
  2533 | D:3      | Killed Natasha
  2534 | D:3      | Reached skill level 5 in Axes
  2828 | D:3      | Killed from afar by an orc wizard

Illustrated notes

Levels and vault maps discovered:
D:1:      minmay_arrival_shattered_statue, layout_basic,
          hellmonk_ecumenical_altar_zigzags
D:2:      layout_basic
D:3:      layout_loops_ring, uniq_terence, uniq_natasha, uniq_jessica

Skill      XL: |  1  2  3  4 |
---------------+-------------+-----
Fighting       | 4 |  4.1
Throwing       | 1 |  1.4
Axes           | 5 |  5.0
Dodging        | |  2.9
Stealth        | |  1.9

Action                   |  1- 3 |  4- 6 || total
-------------------------+-------+-------++-------
Melee: Hand axe          |    99 |    34 ||   133
Throw: Stone             |    51 |       ||    51
       Boomerang         |     2 |     2 ||     4
  Use: Scroll            |     4 |       ||     4
 Stab: Sleeping          |     4 |       ||     4
Armor: Robe              |    17 |     3 ||    20
Dodge: Dodged            |    59 |    14 ||    73
